[Event "PJKL 2008 AB categorie"]
[Site "Roermond"]
[Date "2008.12.27"]
[Round "1"]
[White "van Meegen, Ruud"]
[Black "Clabbers, Sjors"]
[Result "1-0"]
[ECO "C42"]
[WhiteElo "1693"]
[BlackElo "1287"]
[PlyCount "43"]
[EventDate "2008.??.??"]
[TimeControl "35/5700:1800"]

{1MB, Fritz10.ctg, ERIC-LAPTOP} 1. e4 e5 2. Nf3 Nf6 3. Nxe5 d6 4. Nc4 Nxe4 5.
Nc3 Nf6 6. d4 d5 7. Ne5 Bb4 8. Bd3 O-O 9. O-O Re8 10. Bg5 Nbd7 11. Nxd7 Bxd7
12. Nxd5 Be7 13. Nxe7+ Qxe7 14. Qf3 Rad8 15. Qxb7 Qd6 16. Qf3 Bc6 17. Qh3 Be4
18. Bxe4 Rxe4 19. Bxf6 Qxf6 20. c3 Rh4 21. Qg3 Rc8 22. Rae1 1-0

[Event "PJKL 2008 AB categorie"]
[Site "Roermond"]
[Date "2008.12.27"]
[Round "1"]
[White "Frijns, Raoul"]
[Black "Cals, Florens"]
[Result "1-0"]
[ECO "A41"]
[WhiteElo "1682"]
[BlackElo "1081"]
[PlyCount "55"]
[EventDate "2008.??.??"]
[TimeControl "35/5700:1800"]

{1MB, Fritz10.ctg, ERIC-LAPTOP} 1. d4 d6 2. Nf3 g6 3. Bg5 Bg7 4. e3 Nc6 5. Bb5
f6 6. Bh4 Bd7 7. c3 e5 8. Nbd2 d5 9. Bxc6 Bxc6 10. Nxe5 g5 11. Nxc6 bxc6 12.
Bg3 f5 13. Nb3 Qf6 14. Bxc7 Ne7 15. Be5 Qf7 16. Bxg7 Qxg7 17. Nc5 O-O 18. Ne6
f4 19. Nxg7 Kxg7 20. Qg4 Nf5 21. Qxg5+ Kh8 22. Qxf4 Rf6 23. Qe5 Raf8 24. Ke2
Kg8 25. Rhf1 Nxd4+ 26. cxd4 Rxf2+ 27. Rxf2 Rxf2+ 28. Kxf2 1-0

[Event "PJKL 2008 AB categorie"]
[Site "Roermond"]
[Date "2008.12.27"]
[Round "1"]
[White "Clevers, Egbert "]
[Black "Hendrix, Judith "]
[Result "1-0"]
[ECO "A00"]
[WhiteElo "2109"]
[BlackElo "1631"]
[PlyCount "117"]
[EventDate "2008.??.??"]
[TimeControl "35/5700:1800"]

{1MB, Fritz10.ctg, ERIC-LAPTOP} 1. Nc3 c5 2. Nf3 Nc6 3. a4 d5 4. e4 d4 5. Ne2
e5 6. Ng3 Bd6 7. Bc4 h6 8. d3 Nge7 9. Nh4 Bd7 10. Qf3 Rf8 11. Nh5 Qa5+ 12. Bd2
Qb6 13. Nxg7+ Kd8 14. O-O a5 15. Nhf5 Nxf5 16. Nxf5 Ne7 17. Nxh6 f6 18. Ra3 Kc7
19. Rb3 Qa7 20. Ra1 f5 21. exf5 Nxf5 22. Nf7 b6 23. Qh5 Rac8 24. g4 Ng7 25. Qh7
Ne6 26. Nxd6 Kxd6 27. Re1 Nf4 28. Bb5 Rh8 29. Qxd7+ Qxd7 30. Bxd7 Kxd7 31. Rxb6
Nh3+ 32. Kg2 Rcf8 33. f3 Nf4+ 34. Bxf4 Rxf4 35. Rb5 Rhf8 36. Rf1 Kd6 37. Rxa5
Rb8 38. b3 Rh8 39. Ra6+ Kd5 40. a5 Rf7 41. h3 Rfh7 42. Rh1 Rf7 43. h4 Rhf8 44.
Rh3 Rh8 45. h5 Rg7 46. h6 Rg5 47. h7 Rg7 48. Rhh6 Rd7 49. Kg3 Rhxh7 50. Rxh7
Rxh7 51. g5 Rg7 52. Kg4 Rg8 53. Kf5 Rf8+ 54. Rf6 Rg8 55. a6 Rg7 56. g6 Ra7 57.
Rb6 Ra8 58. g7 Rg8 59. Kf6 1-0

[Event "PJKL 2008 AB categorie"]
[Site "Roermond"]
[Date "2008.12.27"]
[Round "1"]
[White "Strolenberg, Lars "]
[Black "Smith, Thijmen "]
[Result "0-1"]
[ECO "B24"]
[WhiteElo "1589"]
[BlackElo "1961"]
[PlyCount "52"]
[EventDate "2008.??.??"]
[TimeControl "35/5700:1800"]

{1MB, Fritz10.ctg, ERIC-LAPTOP} 1. e4 c5 2. Nc3 Nc6 3. g3 e6 4. Bg2 g6 5. d3
Bg7 6. Nge2 a6 7. Be3 Nd4 8. Qd2 Ne7 9. O-O O-O 10. Rae1 Nec6 11. a3 b5 12. Bh6
Bxh6 13. Qxh6 Nxc2 14. Rc1 N2d4 15. Nf4 Qf6 16. Kh1 Ne5 17. h3 Bb7 18. Nd1 Rac8
19. Ne3 Qg7 20. Qxg7+ Kxg7 21. h4 h6 22. Rcd1 g5 23. hxg5 hxg5 24. Nh3 Rh8 25.
Kg1 g4 26. Ng5 Ne2# 0-1

[Event "PJKL 2008 AB categorie"]
[Site "Roermond"]
[Date "2008.12.27"]
[Round "1"]
[White "Bachaus, Sander "]
[Black "Kool, Patrick "]
[Result "1-0"]
[ECO "C25"]
[WhiteElo "1853"]
[BlackElo "1350"]
[PlyCount "35"]
[EventDate "2008.??.??"]
[TimeControl "35/5700:1800"]

{1MB, Fritz10.ctg, ERIC-LAPTOP} 1. e4 e5 2. Nc3 d6 3. Bc4 Nd7 4. d3 c6 5. f4
Ngf6 6. Nf3 h6 7. O-O exf4 8. Bxf4 Qb6+ 9. d4 Qxb2 10. Qd3 Qb6 11. Rab1 Qd8 12.
Bxd6 Bxd6 13. e5 Be7 14. exf6 Bxf6 15. Rbe1+ Be7 16. Bxf7+ Kxf7 17. Ng5+ Kg8
18. Qc4# 1-0

[Event "PJKL 2008 AB categorie"]
[Site "Roermond"]
[Date "2008.12.27"]
[Round "1"]
[White "Freriks, Oscar "]
[Black "Faassen, Guido "]
[Result "1/2-1/2"]
[ECO "B01"]
[WhiteElo "1341"]
[BlackElo "1756"]
[PlyCount "96"]
[EventDate "2008.??.??"]
[TimeControl "35/5700:1800"]

{1MB, Fritz10.ctg, ERIC-LAPTOP} 1. e4 d5 2. exd5 Qxd5 3. Nc3 Qa5 4. Nf3 Nf6 5.
Bc4 Bg4 6. a3 Nc6 7. O-O e6 8. Be2 O-O-O 9. d3 Bd6 10. Ng5 h6 11. Bxg4 hxg5 12.
h3 Rh4 13. g3 Rh7 14. Bd2 Rdh8 15. Ne4 Qd5 16. Nxg5 Nxg4 17. Nxh7 Rxh7 18. Qxg4
Ne5 19. Qe4 Nf3+ 20. Kg2 Qxe4 21. dxe4 Nxd2 22. Rfe1 Rh5 23. b3 Be5 24. Rad1
Bc3 25. Re2 Re5 26. Rexd2 Bxd2 27. Rxd2 Rxe4 28. Kf3 Re1 29. Kf4 b5 30. h4 Ra1
31. Kg5 Rxa3 32. h5 b4 33. g4 Ra5+ 34. Kf4 f6 35. f3 Rc5 36. Ke4 Rc3 37. Kf4 a5
38. Ke4 a4 39. bxa4 Ra3 40. Rd4 Rxa4 41. c3 c5 42. Rc4 Kb7 43. Rxc5 b3+ 44. Kd3
Kb6 45. Rc8 Kb7 46. Rc5 Kb6 47. Rc8 Kb7 48. Rc5 Kb6 1/2-1/2

[Event "PJKL 2008 AB categorie"]
[Site "Roermond"]
[Date "2008.12.27"]
[Round "1"]
[White "de la Fonteijne, Frederik "]
[Black "van Vliebergen, Marina "]
[Result "0-1"]
[ECO "C01"]
[WhiteElo "1258"]
[BlackElo "1686"]
[PlyCount "68"]
[EventDate "2008.??.??"]
[TimeControl "35/5700:1800"]

{1MB, Fritz10.ctg, ERIC-LAPTOP} 1. e4 e6 2. Nc3 d5 3. exd5 exd5 4. d4 c6 5. Bf4
Bd6 6. Bg3 Bf5 7. Bd3 Ne7 8. Nf3 Bxg3 9. fxg3 Nd7 10. O-O h6 11. Qd2 Bxd3 12.
Qxd3 O-O 13. Ne2 Ng6 14. b4 Qc7 15. a4 Nf6 16. c3 Rae8 17. b5 Re7 18. Rae1 Rfe8
19. Nc1 Ne4 20. Re2 cxb5 21. Qxb5 Nxc3 22. Rxe7 Rxe7 23. Qb4 Ne4 24. Nd3 Qc3
25. Qb5 a6 26. Qxd5 Qxd3 27. Re1 Qc2 28. h3 Qf2+ 29. Kh2 Qxg3+ 30. Kg1 Nf4 31.
Qa2 Nxh3+ 32. Kf1 Qf2+ 33. Qxf2 Nhxf2 34. Re2 Ng3+ 0-1

[Event "PJKL 2008 AB categorie"]
[Site "Roermond"]
[Date "2008.12.27"]
[Round "2"]
[White "Leyten, Solange "]
[Black "Bachaus, Sander "]
[Result "0-1"]
[ECO "A00"]
[WhiteElo "631"]
[BlackElo "1853"]
[PlyCount "42"]
[EventDate "2008.??.??"]
[TimeControl "35/5700:1800"]

{1MB, Fritz10.ctg, ERIC-LAPTOP} 1. e4 Nc6 2. Nf3 d5 3. Nc3 dxe4 4. Nxe4 Bf5 5.
Nc5 e6 6. Nxb7 Qb8 7. Ba6 Nb4 8. Bb5+ c6 9. Qe2 Nxc2+ 10. Kf1 Qxb7 11. h3 Qxb5
12. a4 Qxe2+ 13. Kxe2 Nxa1 14. Nd4 Bc5 15. Nxc6 Nf6 16. f3 Rc8 17. Nxa7 Bxa7
18. g4 Nb3 19. gxf5 Rxc1 20. Rh2 Nd5 21. fxe6 Nf4# 0-1

[Event "PJKL 2008 AB categorie"]
[Site "Roermond"]
[Date "2008.12.27"]
[Round "2"]
[White "van Vliembergen, Marina "]
[Black "Clevers, Egbert"]
[Result "0-1"]
[ECO "B00"]
[WhiteElo "1686"]
[BlackElo "2109"]
[PlyCount "70"]
[EventDate "2008.??.??"]
[TimeControl "35/5700:1800"]

{1MB, Fritz10.ctg, ERIC-LAPTOP} 1. e4 Nc6 2. Nf3 d6 3. d4 a6 4. Bc4 g6 5. Ng5
Nh6 6. c3 Bg7 7. f4 Na5 8. Qa4+ c6 9. Bd3 b5 10. Qc2 Qb6 11. Nd2 e5 12. dxe5
dxe5 13. Nb3 Nxb3 14. Qxb3 O-O 15. h3 Kh8 16. Rf1 f6 17. Nf3 c5 18. Be3 exf4
19. Bxf4 Be6 20. c4 Rfd8 21. Nd2 Nf7 22. Qc2 Rd7 23. O-O-O b4 24. Nb3 a5 25.
Qf2 Rc8 26. Be3 Rdc7 27. Kb1 a4 28. Nc1 Qa6 29. b3 axb3 30. axb3 Ra7 31. Qa2
Qb6 32. Qf2 Qa5 33. Rd2 Qa1+ 34. Kc2 Qc3+ 35. Kd1 Ra1 0-1

[Event "PJKL 2008 AB categorie"]
[Site "Roermond"]
[Date "2008.12.27"]
[Round "2"]
[White "Smith, Thijmen "]
[Black "van Meegen, Ruud "]
[Result "0-1"]
[ECO "B78"]
[WhiteElo "1961"]
[BlackElo "1693"]
[PlyCount "68"]
[EventDate "2008.??.??"]
[TimeControl "35/5700:1800"]

{1MB, Fritz10.ctg, ERIC-LAPTOP} 1. e4 c5 2. Nf3 d6 3. d4 cxd4 4. Nxd4 Nf6 5.
Nc3 g6 6. Be3 Bg7 7. f3 O-O 8. Qd2 Nc6 9. Bc4 Bd7 10. O-O-O Ne5 11. Bb3 Rc8 12.
h4 Nc4 13. Bxc4 Rxc4 14. h5 Nxh5 15. g4 Nf6 16. Nd5 Nxd5 17. exd5 Qc7 18. Qh2
h5 19. gxh5 Rc8 20. Rd2 g5 21. Rg1 g4 22. fxg4 Qb6 23. Qf2 Qa5 24. Kb1 Ra4 25.
Nb3 Qa6 26. Bd4 e5 27. Rf1 exd4 28. Qxf7+ Kh8 29. h6 Be5 30. Rf6 Rg8 31. Rg6
Rxg6 32. Qxg6 Qf1+ 33. Nc1 d3 34. Rxd3 Rxg4 0-1

[Event "PJKL 2008 AB categorie"]
[Site "Roermond"]
[Date "2008.12.27"]
[Round "2"]
[White "Faassen, Guido "]
[Black "Frijns, Raoul "]
[Result "1-0"]
[ECO "B22"]
[WhiteElo "1756"]
[BlackElo "1682"]
[PlyCount "49"]
[EventDate "2008.??.??"]
[TimeControl "35/5700:1800"]

{1MB, Fritz10.ctg, ERIC-LAPTOP} 1. e4 c5 2. d4 cxd4 3. c3 d5 4. exd5 Qxd5 5.
cxd4 Nc6 6. Nf3 Bg4 7. Nc3 Qd7 8. d5 Bxf3 9. gxf3 O-O-O 10. dxc6 Qxc6 11. Qe2
e5 12. Qc4 Qxc4 13. Bxc4 f6 14. Be3 a6 15. Rd1 Rxd1+ 16. Kxd1 Ne7 17. Ke2 Nc6
18. Rd1 Be7 19. Nd5 Bd6 20. Rc1 Kd7 21. Nb6+ Kc7 22. Bd5 Rb8 23. Nc4 Kd7 24.
Bxc6+ bxc6 25. Rd1 1-0

[Event "PJKL 2008 AB categorie"]
[Site "Roermond"]
[Date "2008.12.27"]
[Round "2"]
[White "Hendrix, Judith "]
[Black "Freriks, Oscar "]
[Result "1-0"]
[ECO "A00"]
[WhiteElo "1631"]
[BlackElo "1341"]
[PlyCount "71"]
[EventDate "2008.??.??"]
[TimeControl "35/5700:1800"]

{1MB, Fritz10.ctg, ERIC-LAPTOP} 1. e4 g6 2. g3 Bg7 3. Bg2 d6 4. f4 c5 5. c3 Nf6
6. d3 Nbd7 7. Be3 a6 8. Nf3 Rb8 9. O-O b5 10. d4 Nxe4 11. dxc5 Ndxc5 12. Bd4
Bxd4+ 13. Qxd4 O-O 14. b4 Nxg3 15. hxg3 Ne6 16. Qe3 Ng7 17. Nd4 Bd7 18. Nd2 Qb6
19. Qxe7 Nf5 20. Qxd7 Nxd4 21. Kh2 Nf5 22. Rac1 Rbc8 23. Qb7 Qe3 24. Ne4 Qe2
25. Rf2 Qh5+ 26. Kg1 Ne3 27. Bf3 Qf5 28. Nxd6 Qh3 29. Nxc8 Qxg3+ 30. Bg2 Ng4
31. Rf3 Qh4 32. Qd7 Nh2 33. Ne7+ Kg7 34. Qd4+ f6 35. Rh3 Nf3+ 36. Rxf3 1-0

[Event "PJKL 2008 AB categorie"]
[Site "Roermond"]
[Date "2008.12.27"]
[Round "2"]
[White "Clabbers, Sjors "]
[Black "Strolenberg, Lars "]
[Result "0-1"]
[ECO "B00"]
[WhiteElo "1287"]
[BlackElo "1589"]
[PlyCount "44"]
[EventDate "2008.??.??"]
[TimeControl "35/5700:1800"]

{1MB, Fritz10.ctg, ERIC-LAPTOP} 1. e4 b6 2. Nc3 Bb7 3. Bc4 e6 4. d4 c5 5. d5
exd5 6. Nxd5 Nf6 7. Bg5 Be7 8. Bf4 Nxd5 9. Bxd5 Bxd5 10. Qxd5 Nc6 11. Nf3 Nb4
12. Qb3 O-O 13. O-O Qc8 14. Rad1 a6 15. Ne5 Ra7 16. Rd2 Bf6 17. Nc4 b5 18. Nb6
Qd8 19. Rd6 Be7 20. Rh6 gxh6 21. Qg3+ Kh8 22. Bxh6 Rg8 0-1

[Event "PJKL 2008 AB categorie"]
[Site "Roermond"]
[Date "2008.12.27"]
[Round "2"]
[White "Kool, Patrick "]
[Black "de la Fonteijne, Fredrik "]
[Result "0-1"]
[ECO "D46"]
[WhiteElo "1350"]
[BlackElo "1258"]
[PlyCount "72"]
[EventDate "2008.??.??"]
[TimeControl "35/5700:1800"]

{1MB, Fritz10.ctg, ERIC-LAPTOP} 1. d4 Nf6 2. c4 e6 3. Nf3 c6 4. e3 d5 5. Bd3 a6
6. O-O Nbd7 7. Nc3 b5 8. c5 Be7 9. Bd2 O-O 10. Qc2 Qc7 11. Ne2 e5 12. dxe5 Nxe5
13. Nxe5 Qxe5 14. Bc3 Qg5 15. Bxf6 Bxf6 16. Ng3 h5 17. f4 Qg4 18. Be2 Qe6 19.
Rf3 h4 20. Nf1 Be7 21. Rc1 Qh6 22. h3 Re8 23. Nh2 f5 24. Bd3 Qf6 25. Qc3 Qf7
26. Qc2 Ra7 27. Be2 Bd8 28. a4 Rae7 29. Nf1 Bc7 30. Kf2 Qg6 31. g3 d4 32. Bd3
dxe3+ 33. Rxe3 Rxe3 34. Nxe3 Qxg3+ 35. Kf1 Rxe3 36. Rd1 Rf3+ 0-1

[Event "PJKL 2008 AB categorie"]
[Site "Roermond"]
[Date "2008.12.28"]
[Round "3"]
[White "Clevers, Egbert "]
[Black "Bachaus, Sander "]
[Result "1-0"]
[ECO "A00"]
[WhiteElo "2109"]
[BlackElo "1853"]
[PlyCount "71"]
[EventDate "2008.??.??"]
[TimeControl "35/5700:1800"]

{1MB, Fritz10.ctg, ERIC-LAPTOP} 1. Nc3 f5 2. e3 e6 3. b3 Nf6 4. Bb2 Be7 5. h3
b6 6. Nge2 O-O 7. Nf4 Bb7 8. Rg1 e5 9. Nd3 d6 10. f4 Nbd7 11. Ne2 Ne4 12. c4
Bh4+ 13. g3 Bxg3+ 14. Nxg3 Nxg3 15. Rxg3 Qh4 16. Kf2 Nf6 17. Bg2 Nh5 18. Qxh5
Qxh5 19. Bxb7 Rae8 20. fxe5 f4 21. exf4 dxe5 22. Bf3 Qf5 23. Nxe5 g6 24. Bd5+
Re6 25. Rg4 Rd8 26. Bxe6+ Qxe6 27. Bc3 Qf5 28. d3 Rxd3 29. Nxd3 Qxd3 30. Be5
Qd2+ 31. Kg3 Qe3+ 32. Kg2 Qe2+ 33. Kg3 Qe3+ 34. Kh2 Kf7 35. Rg3 Qe2+ 36. Rg2
1-0

[Event "PJKL 2008 AB categorie"]
[Site "Roermond"]
[Date "2008.12.28"]
[Round "3"]
[White "van Meegen, Ruud "]
[Black "Faassen, Guido "]
[Result "1/2-1/2"]
[ECO "B01"]
[WhiteElo "1693"]
[BlackElo "1756"]
[PlyCount "108"]
[EventDate "2008.??.??"]
[TimeControl "35/5700:1800"]

{1MB, Fritz10.ctg, ERIC-LAPTOP} 1. e4 d5 2. exd5 Nf6 3. d4 Nxd5 4. c4 Nb6 5.
Be3 Nc6 6. Bd3 g6 7. Nf3 Bg7 8. c5 Nd5 9. Nc3 O-O 10. Be4 Nf6 11. Bc2 Be6 12.
O-O Bd5 13. Nxd5 Nxd5 14. Qd2 Re8 15. Rad1 e6 16. Ba4 a6 17. Qe2 Rb8 18. a3 Qc8
19. Ne5 Nde7 20. b4 Rd8 21. Qf3 Nxe5 22. dxe5 Bxe5 23. Bg5 Rxd1 24. Rxd1 Nd5
25. c6 f6 26. Bd2 Qe8 27. Rc1 b5 28. Bb3 Rd8 29. g3 Kg7 30. Re1 Ne7 31. Bc1
Nxc6 32. Qg2 Nd4 33. Ba2 Nc2 34. Rf1 Rd6 35. Kh1 Qd7 36. f4 Bxf4 37. gxf4 Rd1
38. h3 Ne1 39. Qe4 Rxc1 40. Rxe1 Qd2 41. Rxc1 Qxc1+ 42. Kh2 Qb2+ 43. Qg2 Qxa3
44. Qd2 a5 45. bxa5 b4 46. Qd7+ Kh6 47. Qxe6 Qxa5 48. Kg3 Qa3+ 49. Bb3 Qc1 50.
Qxf6 Qe3+ 51. Kg4 Qe2+ 52. Kh4 Qf2+ 53. Kg4 Qg2+ 54. Kh4 Qf2+ 1/2-1/2

[Event "PJKL 2008 AB categorie"]
[Site "Roermond"]
[Date "2008.12.28"]
[Round "3"]
[White "de la Fonteijne, Frederik "]
[Black "Smith, Thijmen "]
[Result "0-1"]
[ECO "B50"]
[WhiteElo "1258"]
[BlackElo "1961"]
[PlyCount "58"]
[EventDate "2008.??.??"]
[TimeControl "35/5700:1800"]

{1MB, Fritz10.ctg, ERIC-LAPTOP} 1. e4 c5 2. Nf3 Nc6 3. Bc4 d6 4. c3 Nf6 5. Ng5
e6 6. d3 h6 7. Nf3 Be7 8. O-O O-O 9. Re1 d5 10. exd5 exd5 11. Bb3 Bg4 12. Bf4
Bd6 13. Be3 Qc7 14. h3 Bh5 15. Nbd2 d4 16. cxd4 cxd4 17. Bxh6 gxh6 18. Rc1 Bf4
19. Rc5 Bg6 20. Nxd4 Qd6 21. Nxc6 Qxc5 22. Ne7+ Kg7 23. Nf3 Rae8 24. Nxg6 fxg6
25. g3 Bd6 26. Kf1 Qf5 27. Nd4 Qxh3+ 28. Kg1 Bxg3 29. Nf3 Bxf2+ 0-1

[Event "PJKL 2008 AB categorie"]
[Site "Roermond"]
[Date "2008.12.28"]
[Round "3"]
[White "Strolenberg, Lars "]
[Black "van Vliembergen, Marina "]
[Result "1/2-1/2"]
[ECO "D00"]
[WhiteElo "1589"]
[BlackElo "1686"]
[PlyCount "65"]
[EventDate "2008.??.??"]
[TimeControl "35/5700:1800"]

{1MB, Fritz10.ctg, ERIC-LAPTOP} 1. Nc3 d5 2. Nf3 Bf5 3. d4 e6 4. Bf4 Bd6 5. Bg3
Nf6 6. e3 a6 7. Bd3 Bxd3 8. cxd3 Nc6 9. e4 Bb4 10. Qe2 dxe4 11. dxe4 Nxd4 12.
Qc4 Bxc3+ 13. Qxc3 Nb5 14. Qe3 Qe7 15. O-O Nd7 16. Rfe1 Nd6 17. Qc3 Nb5 18.
Qxg7 Qf6 19. Qxf6 Nxf6 20. a4 Na7 21. Bxc7 Ke7 22. Bb6 Nd7 23. Bc7 Rac8 24. Bg3
Rc2 25. b3 Rhc8 26. Bf4 Nc6 27. Rac1 Nb4 28. Rxc2 Rxc2 29. Rd1 Na2 30. Kf1 Nc3
31. Rd2 Rc1+ 32. Ne1 Rb1 33. Bd6+ 1/2-1/2

[Event "PJKL 2008 AB categorie"]
[Site "Roermond"]
[Date "2008.12.28"]
[Round "3"]
[White "Cals, Florens "]
[Black "Hendrix, Judith "]
[Result "0-1"]
[ECO "B41"]
[WhiteElo "1081"]
[BlackElo "1631"]
[PlyCount "68"]
[EventDate "2008.??.??"]
[TimeControl "35/5700:1800"]

{1MB, Fritz10.ctg, ERIC-LAPTOP} 1. e4 c5 2. Nf3 e6 3. d4 cxd4 4. Nxd4 a6 5. e5
Qa5+ 6. Nc3 Qxe5+ 7. Be3 Nc6 8. g3 Bc5 9. Nxc6 bxc6 10. Qd3 Nf6 11. h3 Rb8 12.
O-O-O Bxe3+ 13. Qxe3 Qxe3+ 14. fxe3 d5 15. Bd3 e5 16. e4 d4 17. Ne2 a5 18. g4
Be6 19. Kb1 Nd7 20. c3 c5 21. c4 Nb6 22. Rc1 Na4 23. Rc2 f6 24. Ng3 Kf7 25. Nf5
Rb6 26. Ng3 Rhb8 27. b3 Rb4 28. Nf5 Bxf5 29. gxf5 Nc3+ 30. Kb2 a4 31. Kc1 axb3
32. axb3 Rxb3 33. Kd2 Rb1 34. Rh2 Rd1# 0-1

[Event "PJKL 2008 AB categorie"]
[Site "Roermond"]
[Date "2008.12.28"]
[Round "3"]
[White "Frijns, Raoul "]
[Black "Leyten, Solange "]
[Result "1-0"]
[ECO "D07"]
[WhiteElo "1682"]
[BlackElo "631"]
[PlyCount "105"]
[EventDate "2008.??.??"]
[TimeControl "35/5700:1800"]

{1MB, Fritz10.ctg, ERIC-LAPTOP} 1. d4 d5 2. c4 Nf6 3. cxd5 Nxd5 4. Nf3 Nc6 5.
e4 Ndb4 6. d5 Bg4 7. dxc6 Qxd1+ 8. Kxd1 Rd8+ 9. Ke2 Nc2 10. Bf4 Nxa1 11. Bxc7
Rc8 12. cxb7 g6 13. bxc8=Q+ Bxc8 14. Kd1 Bh6 15. Bb5+ Kf8 16. Be5 Rg8 17. b3
Bb7 18. Bxa1 f6 19. Nbd2 Kg7 20. Ke2 Rc8 21. Bc4 Rc5 22. Bd4 Ra5 23. a4 e5 24.
Bc3 Rc5 25. Rb1 Rc7 26. Ba5 Rc8 27. h4 f5 28. exf5 gxf5 29. Bc3 Bf4 30. Bxe5+
Bxe5 31. Nxe5 Bxg2 32. Rg1 Kf6 33. Nd7+ Ke7 34. Rxg2 Kxd7 35. Rg7+ Kd6 36. Rxa7
Re8+ 37. Kf3 Ke5 38. Ra5+ Kf6 39. Ra6+ Ke5 40. Re6+ Rxe6 41. Bxe6 Kxe6 42. a5
Ke5 43. a6 f4 44. a7 h5 45. a8=Q Kd4 46. Qa4+ Kc3 47. Ne4+ Kb2 48. Qc4 Ka3 49.
Ke2 f3+ 50. Kd2 Kb2 51. b4 Ka3 52. Nc3 Kb2 53. Qa2# 1-0

[Event "PJKL 2008 AB categorie"]
[Site "Roermond"]
[Date "2008.12.28"]
[Round "3"]
[White "Freriks, Oscar "]
[Black "Kool, Patrick "]
[Result "1-0"]
[ECO "C41"]
[WhiteElo "1341"]
[BlackElo "1350"]
[PlyCount "131"]
[EventDate "2008.??.??"]
[TimeControl "35/5700:1800"]

{1MB, Fritz10.ctg, ERIC-LAPTOP} 1. e4 e5 2. Nf3 d6 3. d4 exd4 4. Nxd4 Nd7 5.
Nc3 c6 6. Bc4 Ngf6 7. Bg5 Be7 8. Nf5 O-O 9. Nxd6 Ne5 10. Bxf6 Qxd6 11. Qxd6
Bxd6 12. Bxe5 Bxe5 13. O-O b5 14. Bb3 a5 15. a4 b4 16. Nd1 Bb7 17. c3 bxc3 18.
bxc3 Rfd8 19. f4 Bc7 20. Rb1 Ba6 21. c4 Rd4 22. e5 Bxc4 23. Bxc4 Rxc4 24. Rb7
Bd8 25. Nb2 Rb4 26. Rxb4 axb4 27. Rc1 Bb6+ 28. Kf1 c5 29. Nd3 Ra5 30. Ke2 f6
31. e6 Kf8 32. f5 Ke7 33. Nf4 Rxa4 34. Nd5+ Kd6 35. Nxb6 Ra2+ 36. Kf1 b3 37.
Re1 Ke7 38. Nd5+ Ke8 39. e7 Ra7 40. Rc1 b2 41. Re1 c4 42. Kf2 c3 43. Nxc3 Rxe7
44. Rxe7+ Kxe7 45. Ke2 Kd6 46. Kd2 Ke5 47. Kc2 Kxf5 48. Kxb2 g5 49. Kc2 Kg4 50.
Kd2 f5 51. Ke2 f4 52. Nd5 Kf5 53. Kf2 h5 54. Ne7+ Ke4 55. Ng8 h4 56. Nh6 Ke5
57. Kf3 Kf6 58. Kg4 Kg6 59. Nf5 Kf6 60. Nd4 Kg6 61. Nf3 Kf6 62. Nxg5 Ke5 63.
Kxh4 Kf5 64. Nf3 Ke4 65. Kg4 Ke3 66. h4 1-0

[Event "PJKL 2008 AB categorie"]
[Site "Roermond"]
[Date "2008.12.28"]
[Round "4"]
[White "van Meegen, Ruud "]
[Black "Clevers, Egbert "]
[Result "0-1"]
[ECO "C56"]
[WhiteElo "1693"]
[BlackElo "2109"]
[PlyCount "112"]
[EventDate "2008.??.??"]
[TimeControl "35/5700:1800"]

{1MB, Fritz10.ctg, ERIC-LAPTOP} 1. e4 Nc6 2. d4 e5 3. Nf3 Nf6 4. dxe5 Nxe4 5.
Bc4 Nc5 6. O-O d6 7. exd6 Bxd6 8. Re1+ Be6 9. Bxe6 Nxe6 10. Ng5 O-O 11. Nxe6
fxe6 12. Nc3 Rxf2 13. Qg4 Bc5 14. Kh1 Qf6 15. Bg5 Qf5 16. Qxf5 exf5 17. Rac1
Nb4 18. Rf1 Rxf1+ 19. Rxf1 Nxc2 20. Rxf5 Rf8 21. Rxf8+ Kxf8 22. Bf4 c6 23. Ne4
Bd4 24. b3 Ke7 25. Nd6 b5 26. Nf5+ Ke6 27. Nxd4+ Nxd4 28. Be3 Kd5 29. Kg1 Ke4
30. Kf2 a6 31. Bg5 Kd3 32. Be7 Kc2 33. g4 Kb2 34. Ke3 Nc2+ 35. Kf4 Kxa2 36. Bf8
g6 37. Kg5 Kxb3 38. Kh6 a5 39. g5 a4 40. Kxh7 a3 41. Bxa3 Kxa3 42. Kxg6 b4 43.
Kf6 b3 44. g6 b2 45. g7 b1=Q 46. g8=Q Qa1+ 47. Ke7 Qe5+ 48. Kd7 Qd5+ 49. Qxd5
cxd5 50. h4 d4 51. h5 d3 52. Ke7 d2 53. h6 d1=Q 54. Kf7 Qh5+ 55. Kg7 Qg5+ 56.
Kh7 Nd4 0-1

[Event "PJKL 2008 AB categorie"]
[Site "Roermond"]
[Date "2008.12.28"]
[Round "4"]
[White "Smith, Thijmen "]
[Black "Faassen, Guido "]
[Result "1-0"]
[ECO "B01"]
[WhiteElo "1961"]
[BlackElo "1756"]
[PlyCount "67"]
[EventDate "2008.??.??"]
[TimeControl "35/5700:1800"]

{1MB, Fritz10.ctg, ERIC-LAPTOP} 1. e4 d5 2. exd5 Nf6 3. d4 Nxd5 4. c4 Nb6 5.
Be3 Nc6 6. Nc3 Bf5 7. d5 Ne5 8. Bd4 Ng4 9. Qf3 Bd7 10. Bd3 Nf6 11. Nge2 c6 12.
O-O cxd5 13. cxd5 g6 14. Ne4 Nxe4 15. Bxe4 f6 16. h4 Bg7 17. h5 g5 18. h6 Kf7
19. Qh5+ Kf8 20. hxg7+ Kxg7 21. Qxg5+ Kf8 22. Qh6+ Kf7 23. Qh5+ Kg7 24. Qg5+
Kf8 25. Qh6+ Kf7 26. Rac1 Rg8 27. Qxh7+ Rg7 28. Bg6+ Kf8 29. Qh8+ Rg8 30. Qh6+
Rg7 31. Qh8+ Rg8 32. Qh6+ Rg7 33. Rc3 Nxd5 34. Rg3 1-0

[Event "PJKL 2008 AB categorie"]
[Site "Roermond"]
[Date "2008.12.28"]
[Round "4"]
[White "Bachaus, Sander "]
[Black "Frijns, Raoul "]
[Result "1-0"]
[ECO "B20"]
[WhiteElo "1853"]
[BlackElo "1682"]
[PlyCount "51"]
[EventDate "2008.??.??"]
[TimeControl "35/5700:1800"]

{1MB, Fritz10.ctg, ERIC-LAPTOP} 1. e4 c5 2. a3 g6 3. b4 Bg7 4. Nc3 cxb4 5. axb4
e6 6. Rb1 Nc6 7. f4 Qc7 8. e5 a6 9. Ne4 f6 10. Nd6+ Ke7 11. d4 Nh6 12. b5 axb5
13. Nxb5 Qd8 14. Qd2 fxe5 15. fxe5 Nf5 16. g4 Bh6 17. Qf2 Bxc1 18. Rxc1 Qa5+
19. c3 Rf8 20. gxf5 Rxf5 21. Qh4+ Kf8 22. Bd3 Rf7 23. Ne2 Nb4 24. cxb4 Qxb4+
25. Nec3 Ra2 26. Rf1 1-0

[Event "PJKL 2008 AB categorie"]
[Site "Roermond"]
[Date "2008.12.28"]
[Round "4"]
[White "Hendrix, Judith "]
[Black "Strolenberg, Lars "]
[Result "1-0"]
[ECO "A16"]
[WhiteElo "1631"]
[BlackElo "1589"]
[PlyCount "71"]
[EventDate "2008.??.??"]
[TimeControl "35/5700:1800"]

{1MB, Fritz10.ctg, ERIC-LAPTOP} 1. c4 g6 2. Nc3 Bg7 3. g3 Nf6 4. Bg2 d6 5. d3
Nc6 6. f4 e5 7. Nh3 Rb8 8. O-O Bd7 9. Nf2 O-O 10. Bd2 Ne7 11. a4 Bc6 12. e4 b6
13. Rc1 Bb7 14. Ne2 Nd7 15. Bc3 Nc5 16. d4 exd4 17. Bxd4 Bxd4 18. Nxd4 Nc6 19.
Nb5 a6 20. Nc3 Nb4 21. Nd5 Bxd5 22. cxd5 Qd7 23. Rc4 a5 24. b3 Qe7 25. Re1 Rfe8
26. Rc3 Qf6 27. Rce3 Rbd8 28. R1e2 Qg7 29. g4 Qf6 30. Nh3 Kf8 31. g5 Qe7 32.
Nf2 Qd7 33. Qd4 Kg8 34. Bh3 Qe7 35. Ng4 h5 36. gxh6 1-0

[Event "PJKL 2008 AB categorie"]
[Site "Roermond"]
[Date "2008.12.28"]
[Round "4"]
[White "van Vliembergen, Marina "]
[Black "Freriks, Oscar "]
[Result "0-1"]
[ECO "B06"]
[WhiteElo "1686"]
[BlackElo "1341"]
[PlyCount "64"]
[EventDate "2008.??.??"]
[TimeControl "35/5700:1800"]

{1MB, Fritz10.ctg, ERIC-LAPTOP} 1. e4 g6 2. d4 d6 3. Nf3 Bg7 4. Bf4 Nf6 5. Nbd2
Nbd7 6. c3 c5 7. Qc2 a6 8. Be2 b5 9. O-O O-O 10. Rfe1 Bb7 11. Be3 Ng4 12. Bd1
Nxe3 13. Rxe3 Qb6 14. dxc5 Nxc5 15. Nd4 Rac8 16. N4b3 Na4 17. Rc1 b4 18. Nb1
Bh6 19. Rh3 Bxc1 20. Qxc1 Bxe4 21. N3d2 Bf5 22. g4 bxc3 23. Nc4 Qd4 24. gxf5
cxb2 25. Qh6 Qxd1+ 26. Kg2 Qg4+ 27. Rg3 Qe4+ 28. f3 Qxb1 29. fxg6 Qc2+ 30. Kh3
Qf5+ 31. Kg2 fxg6 32. Ne3 Rc2+ 0-1

[Event "PJKL 2008 AB categorie"]
[Site "Roermond"]
[Date "2008.12.28"]
[Round "4"]
[White "Cals, Florens "]
[Black "Clabbers, Sjors "]
[Result "0-1"]
[ECO "C42"]
[WhiteElo "1081"]
[BlackElo "1287"]
[PlyCount "56"]
[EventDate "2008.??.??"]
[TimeControl "35/5700:1800"]

{1MB, Fritz10.ctg, ERIC-LAPTOP} 1. e4 e5 2. Nf3 Nf6 3. Nc3 Bb4 4. Bd3 Nc6 5. a3
Bc5 6. b4 Bb6 7. Bc4 Nxe4 8. Bxf7+ Kxf7 9. Nxe4 Rf8 10. c3 d5 11. Nc5 Bxc5 12.
bxc5 Bg4 13. h3 Bh5 14. Nxe5+ Kg8 15. Qxh5 Nxe5 16. Qxe5 Re8 17. d4 Rxe5+ 18.
dxe5 Qe7 19. Be3 Qxe5 20. Kd2 b6 21. Rhe1 Qh2 22. Rg1 Qe5 23. f4 Qe4 24. g3 Qc4
25. cxb6 axb6 26. Rgb1 Re8 27. Rb4 Qc6 28. a4 Rxe3 0-1